Map: Acid Plant LE

Players

Lambo - Winner!

  • Race: Zerg Zerg
  • League: Master
  • Spawn Location: 11:00

eonblu

  • Race: Zerg Zerg
  • League: Grandmaster
  • Spawn Location: 5:00

Event: HomeStory Cup XVII

VOD

Have the link to the VOD?

Description

Time

  • Played on: June 28, 2018, 11:02 a.m.
  • Length: 6:12

All games in this series

Show
View Real Time Build Order
Export as new Build Order

Lambo Zerg - Winner!

Build Orders: Hatch First 

Get SALT Encoding   

  12  0:01  Drone  
  13  0:13  Overlord  
  13  0:17  Drone  
  14  0:31  Drone x2  
  16  0:39  Drone  
  17  0:52  Hatchery  
  17  0:55  Drone  
  17  0:58  Drone  
  17  1:01  Extractor  
  17  1:14  Spawning Pool  
  17  1:16  Drone  
  17  1:20  Drone  
  18  1:29  Drone  
  19  1:39  Drone  
  20  1:52  Overlord  
  20  2:00  Queen  
  22  2:02  Metabolic Boost  
  22  2:04  Queen  
  22  2:06  Drone  
  22  2:08  Drone  
  26  2:12  Drone  
  26  2:14  Drone  
  28  2:22  Zergling x2  
  29  2:25  Zergling x2  
  30  2:35  Hatchery  
  30  2:36  Zergling x2  
  30  2:39  Zergling x2  
  31  2:44  Overlord  
  31  2:49  Drone  
  32  2:57  Drone  
  33  3:07  Drone  
  33  3:09  Zergling x10  
  33  3:12  Zergling x6  
  42  3:15  Baneling Nest  
  42  3:19  Overlord  
  41  3:27  Drone  
  41  3:31  Drone  
  43  3:38  Zergling x2  
  44  3:41  Zergling x2  
  44  3:42  Zergling x6  
  44  3:47  Zergling x8  
  49  3:52  Zergling x2  
  49  3:53  Zergling x2  
  49  3:55  Queen  
  50  4:01  Baneling x2  
  50  4:02  Zergling x4  
  49  4:04  Baneling x2  
  49  4:08  Zergling x4  
  50  4:16  Drone  
  50  4:17  Drone  
  50  4:20  Zergling x4  
  50  4:23  Drone  
  53  4:29  Baneling x2  
  53  4:31  Drone x5  
  58  4:39  Overlord  
  58  4:48  Overlord  
  56  4:55  Drone  
  56  4:56  Drone  
  56  4:59  Roach Warren, Extractor  
  54  5:01  Overlord  
  54  5:03  Zergling x8  
  54  5:04  Zergling x2  
  54  5:05  Drone x3  
  57  5:08  Drone  
  57  5:14  Drone x3  
  57  5:18  Drone x2  
  61  5:25  Drone x2  
  60  5:36  Zergling x6  
  57  5:45  Extractor  
  57  5:47  Evolution Chamber  
  57  5:48  Roach  
  57  5:49  Roach x6  
  64  5:53  Overlord  
Show
View Real Time Build Order
Export as new Build Order

eonblu Zerg 

Build Orders: Hatch First 

Get SALT Encoding   

  12  0:00  Drone  
  13  0:12  Overlord  
  13  0:17  Drone  
  14  0:30  Drone x2  
  16  0:49  Hatchery  
  15  0:51  Drone  
  15  0:54  Drone  
  17  1:04  Extractor  
  17  1:10  Spawning Pool  
  15  1:13  Drone  
  15  1:17  Drone  
  17  1:20  Drone  
  18  1:27  Drone  
  19  1:38  Overlord  
  19  1:57  Queen  
  19  1:58  Zergling x2  
  19  2:00  Zergling x2  
  19  2:01  Queen, Zergling x2  
  25  2:07  Metabolic Boost  
  26  2:11  Drone  
  27  2:15  Drone  
  28  2:23  Drone x2  
  30  2:32  Drone  
  31  2:40  Hatchery  
  30  2:49  Drone x2  
  30  2:50  Overlord  
  32  3:03  Baneling Nest  
  30  3:09  Zergling x12  
  36  3:19  Zergling x8  
  39  3:27  Zergling x2  
  40  3:36  Drone  
  40  3:37  Drone  
  41  3:49  Baneling x2  
  40  3:56  Zergling x16  
  48  4:02  Drone  
  48  4:05  Drone  
  47  4:10  Drone x2  
  47  4:12  Drone  
  47  4:27  Drone x3  
  50  4:32  Baneling  
  50  4:33  Baneling  
  50  4:34  Overlord  
  50  4:40  Drone, Extractor  
  50  4:44  Drone  
  50  4:45  Drone x2  
  49  4:51  Drone x2  
  42  4:54  Drone  
  42  4:56  Drone  
  42  4:57  Drone x2  
  42  4:59  Zergling x2  
  41  5:00  Zergling x6  
  39  5:07  Zergling x6  
  39  5:09  Queen  
  39  5:13  Zergling x2  
  39  5:14  Zergling x4  
  41  5:20  Baneling x6  
  40  5:24  Zergling x4  
  41  5:35  Drone  
  41  5:36  Drone  
  41  5:39  Drone  
  39  5:45  Drone  
  39  5:49  Drone x3  
  40  5:50  Drone  
  40  5:54  Zergling x6  
  40  5:55  Baneling x2  
  40  5:56  Baneling  
Tags
 
Add a new tag
Caveats
  • Supply blocks, unpowered buildings, or Contaminate may cause inaccurate times.
  • Supply counts are checked every 10 seconds.